 Dungeon Crawl Stone Soup version 0.21-a0-442-g848f44b (webtiles) character file.

983 JackS81 the Covert (level 8, -2/52 HPs)
             Began as an Octopode Fighter on Nov 13, 2017.
             Slain by a centaur (5 damage)
             ... on level 6 of the Dungeon.
             The game lasted 00:17:47 (5222 turns).

JackS81 the Covert (Octopode Fighter)               Turns: 5222, Time: 00:17:48

Health: -2/52      AC:  1    Str: 15      XL:     8   Next: 17%
Magic:  8/8        EV: 12    Int: 11      God:
Gold:   246        SH:  8    Dex:  9 (13) Spells: 7/7 levels left

rFire    . . .     SeeInvis .   h - +2 dagger (pain)
rCold    . . .     Gourm    .   b - +0 shield
rNeg     . . .     Faith    .   x - +0 hat
rPois    .         Spirit   .   (no amulet)
rElec    .         Reflect  .   (no ring)
rCorr    .         Harm     .   (no ring)
MR       .....                  (no ring)
Stlth    +++++.....             (no ring)
HPRegen  0.17/turn              (no ring)
MPRegen  0.11/turn              (no ring)
                                (no ring)
                                (no ring)

@: no status effects
A: almost no armour, stealthy swim, amphibious, 8 rings, constrict 8, camouflage
1, gelatinous body 1
a: no special abilities


You were on level 6 of the Dungeon.
You were hungry.

You visited 1 branch of the dungeon, and saw 6 of its levels.

You collected 246 gold pieces.

Inventory:

Hand Weapons
 a - a +0 rapier
 h - a +2 dagger of pain (weapon)
 j - a +0 shortbow
 r - a +0 blowgun
 y - a +1 rapier of venom
 C - a +2 short sword of venom
Missiles
 m - 51 bolts
 q - 4 needles of sleeping
 t - 23 poisoned needles
 G - 6 curare-tipped needles
 H - 17 arrows
Armour
 b - a +0 shield (worn)
 x - a +0 hat (worn)
Scrolls
 k - 5 scrolls of teleportation {unknown}
 n - 4 scrolls of identify
 p - 2 scrolls of remove curse {unknown}
 v - 3 scrolls of enchant weapon {unknown}
 w - a scroll of amnesia {unknown}
 D - 2 scrolls of fog {unknown}
 E - a scroll of enchant armour {unknown}
 F - a scroll of recharging {unknown}
Potions
 c - a potion of might
 e - a potion of haste
 g - 3 potions of curing
 i - a potion of ambrosia {unknown}
 l - 3 potions of brilliance {unknown}
 s - a potion of berserk rage {unknown}
 z - a potion of cancellation {unknown}
 B - a potion of mutation {unknown}
Comestibles
 d - 4 bread rations
 f - 2 royal jellies
 o - 4 meat rations
 u - 3 chunks of flesh
 A - 7 fruits


   Skills:
 + Level 3.2 Fighting
 * Level 5.6 Short Blades
 * Level 4.2 Dodging
 + Level 8.5 Stealth
 * Level 4.1 Shields


You had 7 spell levels left.
You didn't know any spells.

Dungeon Overview and Level Annotations

Branches:
Dungeon (6/15)
 Temple: D:4-7

Altars:
Ashenzari
Cheibriados

Shops:
D:4 =   D:6 :


Innate Abilities, Weirdness & Mutations

You cannot wear most types of armour.
You are very stealthy in the water. (Stealth+)
You are amphibious.
You can wear up to eight rings at the same time.
You can use your tentacles to constrict eight enemies at once.
Your skin changes colour to match your surroundings (Stealth+).
Your rubbery body absorbs attacks. (AC +1, EV +1)


Message History

The centaur is moderately wounded.
You block the centaur's attack. x2
You closely miss the centaur.
The centaur is moderately wounded.
The centaur closely misses you.
You barely miss the centaur.
The centaur is moderately wounded.
You are feeling hungry.
The centaur closely misses you.
Your shield prevents you from hitting the centaur.
You squeeze the centaur!
The centaur is severely wounded.
The centaur hits you!
* * * LOW HITPOINT WARNING * * *
You hit the centaur but do no damage.
The centaur is severely wounded.
The centaur hits you.
* * * LOW HITPOINT WARNING * * *
The centaur hits you.
You die...

#.#..............
#.................
#.....[...........
#...<..[..........
#.)...............
#)#...............
#.#...............
#(#.......>.......
##@#...............
#..co.......(......
####F(..(.(........
#...............
#...............
#...............
#...............
#...............
#...............


You could see a bullfrog, a centaur and an orc.

Vanquished Creatures
  A phantom (D:5)
  A centaur (D:6)
  A scorpion (D:5)
  3 hounds (D:5)
  2 quasits (D:5)
  4 orc wizards
  A bullfrog skeleton (D:6)
  Natasha (thrice) (D:3)
  An iguana (D:6)
  3 worker ants
  6 gnolls
  5 adders
  A river rat (D:4)
  An ooze (D:1)
  An adder skeleton (D:5)
  An adder zombie (D:5)
  5 worms
  3 dart slugs
  4 leopard geckos
  28 orcs
  3 ball pythons
  8 giant cockroaches
  7 goblins
  10 hobgoblins
  2 jackals (D:6)
  3 quokkas
  5 bats
  6 frilled lizards
  14 kobolds
  11 rats
144 creatures vanquished.

Vanquished Creatures (others)
  A plant (D:5)
1 creature vanquished.

Grand Total: 145 creatures vanquished

Notes
Turn   | Place    | Note
-------+----------+-------------------------------------------
     0 | D:1      | JackS81 the Octopode Fighter began the quest for the Orb.
     0 | D:1      | Reached XP level 1. HP: 16/16 MP: 1/1
    56 | D:1      | Reached skill level 1 in Stealth
   120 | D:1      | Reached skill level 2 in Stealth
   120 | D:1      | Reached XP level 2. HP: 21/21 MP: 2/2
   376 | D:1      | Reached skill level 3 in Stealth
   376 | D:1      | Reached XP level 3. HP: 20/26 MP: 3/3
   943 | D:2      | Reached skill level 4 in Stealth
   943 | D:2      | Reached XP level 4. HP: 26/31 MP: 4/4
  1521 | D:3      | Found a snail-covered altar of Cheibriados.
  1527 | D:3      | Reached skill level 5 in Stealth
  1895 | D:3      | Reached XP level 5. HP: 11/36 MP: 5/5
  2356 | D:3      | Noticed Natasha
  2361 | D:3      | Killed Natasha
  2471 | D:3      | Found a shattered altar of Ashenzari.
  2521 | D:3      | Noticed Natasha
  2530 | D:3      | Killed Natasha
  2530 | D:3      | Reached skill level 6 in Stealth
  2538 | D:3      | Noticed Natasha
  2546 | D:3      | Killed Natasha
  2876 | D:4      | Reached XP level 6. HP: 42/42 MP: 6/6
  2900 | D:4      | Found Miuklub's Jewellery Boutique.
  3269 | D:4      | Reached skill level 7 in Stealth
  3860 | D:5      | Entered Level 5 of the Dungeon
  3935 | D:5      | Reached XP level 7. HP: 20/46 MP: 7/7
  4407 | D:5      | Reached skill level 5 in Short Blades
  4461 | D:5      | Reached skill level 8 in Stealth
  5058 | D:6      | Found Wazoamma's Book Shop.
  5115 | D:6      | Reached XP level 8. HP: 26/52 MP: 8/8
  5222 | D:6      | Slain by a centaur

Vault maps used:
D:1:      roderic_dead_forest
D:2:      first_bread, guppyfry_early_orc_mine
D:3:      marbit_many_paths, kennysheep_slug_shrine, uniq_natasha
D:4:      gup_sewer_entry_bubbles, serial_shops, shop
D:5:      cheibrodos_quashed, kennysheep_boxes
D:6:      minmay_temple_entry_junction, serial_shops, shop, nicolae_shop_stone,
          kennysheep_mini, shop

Skill      XL: |  1  2  3  4  5  6  7  8 |
---------------+-------------------------+-----
Stealth        | 2 3 4 5 6 7 8 |  8.5
Short Blades   | 3 4 5 |  5.6
Dodging        | 4 |  4.2
Shields        | 4 |  4.1
Fighting       | |  3.2

Action                   |  1- 3 |  4- 6 |  7- 9 || total
-------------------------+-------+-------+-------++-------
Melee: Rapier            |    35 |       |       ||    35
       Constrict         |    11 |    44 |    17 ||    72
       Tentacles         |    10 |    46 |    19 ||    75
       Dagger            |    18 |   176 |    84 ||   278
  Use: Scroll            |     1 |     1 |       ||     2
       Potion            |       |     3 |     4 ||     7
 Stab: Sleeping          |    12 |    22 |     5 ||    39
       Distracted        |       |       |     1 ||     1
  Eat: Chunk             |       |     9 |     4 ||    13
Armor: Skin              |     2 |     3 |     7 ||    12
Dodge: Dodged            |    18 |    47 |    44 ||   109
Block: Shield            |    17 |    47 |    38 ||   102

Table legend:
 A = Spawn XP
 B = Non-spawn XP
 C = Spawn XP percentage of total XP
 D = Spawn monster count
 E = Non-spawn monster count
 F = Spawn count percentage of total count
 G = Total turns spent on level
                    A         B        C        D         E        F      G
               +---------+---------+-------+---------+---------+-------+---------
         Total |       0 |    1405 |   0.0 |       0 |     144 |   0.0 |  5222
               +---------+---------+-------+---------+---------+-------+---------
           D:1 |       0 |      45 |   0.0 |       0 |      23 |   0.0 |   816
           D:2 |       0 |      74 |   0.0 |       0 |      24 |   0.0 |   639
           D:3 |       0 |     199 |   0.0 |       0 |      30 |   0.0 |  1416
           D:4 |       0 |     270 |   0.0 |       0 |      37 |   0.0 |   989
           D:5 |       0 |     579 |   0.0 |       0 |      21 |   0.0 |  1169
           D:6 |       0 |     238 |   0.0 |       0 |       9 |   0.0 |   193
               +---------+---------+-------+---------+---------+-------+---------
